 Dungeon Crawl Stone Soup version 0.31-a0-115-g4708a659fe (webtiles) character file.

Game seed: 1604682362493493560

28382 MacCMillion the Marksspriggan (level 13, -21/70 HPs)
             Began as a Spriggan Hunter on May 29, 2023.
             Was the Champion of Okawaru.
             Demolished by a death yak (25 damage)
             ... on level 3 of the Lair of Beasts.
             The game lasted 00:37:30 (21521 turns).

MacCMillion the Marksspriggan (Spriggan Hunter)    Turns: 21521, Time: 00:37:30

Health: -21/70     AC:  2    Str: 14    XL:     13   Next: 9%
Magic:  17/17      EV: 29    Int: 11    God:    Okawaru [******]
Gold:   822        SH:  5    Dex: 21    Spells: 11/16 levels left

rFire   . . .        E - +8 sling of the Wolf {flame, Stlth+}
rCold   . . .        (no shield)
rNeg    + + .        c - +0 robe
rPois   .            (helmet restricted)
rElec   .            L - scarf "Docreug" {repulsion, Str+7 Dex-2 Slay+2 SInv}
rCorr   .            (gloves unavailable)
SInv    +            (boots unavailable)
Will    ++...        H - amulet of reflection
Stlth   ++++         f - ring of positive energy
HPRegen 0.31/turn    n - ring of positive energy
MPRegen 0.15/turn

%: repel missiles, reflection
@: very quick
A: very small, no large weapons, unfitting armour, see invisible, speed 3
a: Renounce Religion, Heroism, Finesse, Duel


You were on level 3 of the Lair of Beasts.
You worshipped Okawaru.
Okawaru was exalted by your worship.
You visited 3 branches of the dungeon, and saw 16 of its levels.
You also visited: Bailey.

You collected 862 gold pieces.
You spent 40 gold pieces at shops.

Inventory:

Hand Weapons
 A - a +0 orcbow
 E - the +8 sling of the Wolf (weapon) {flame, Stlth+}
   (You took it off a spriggan in a bailey)

   Stlth:     It makes you more stealthy.
Missiles
 a - 4 throwing nets
Armour
 c - a +0 robe (worn)
 L - the scarf "Docreug" (worn) {repulsion, Str+7 Dex-2 Slay+2 SInv}
   (Okawaru gifted it to you on level 3 of the Lair of Beasts)

   Str:       It affects your strength (+7).
   Dex:       It affects your dexterity (-2).
   Slay:      It affects your accuracy & damage with ranged weapons and melee
   (+2).
   SInv:      It lets you see invisible.
Jewellery
 f - a ring of positive energy (left hand)
 n - a ring of positive energy (right hand)
 r - an amulet of magic regeneration
 H - an amulet of reflection (around neck)
Wands
 y - a wand of roots (17)
 D - a wand of flame (38)
 J - a wand of quicksilver (6)
Scrolls
 b - 6 scrolls of immolation
 d - 3 scrolls of vulnerability
 l - 3 scrolls of magic mapping
 m - 3 scrolls of poison
 o - 2 scrolls of torment
 p - 3 scrolls of noise
 q - 3 scrolls of teleportation
 s - 4 scrolls of blinking
 u - 5 scrolls of enchant armour {unknown}
 w - 4 scrolls of amnesia {unknown}
 x - 4 scrolls of enchant weapon {unknown}
 B - a scroll of summoning
 F - a scroll of acquirement {unknown}
 G - a scroll of fear
 K - 2 scrolls of identify
Potions
 e - 5 potions of enlightenment
 g - 2 potions of haste
 h - 5 potions of heal wounds
 i - 4 potions of curing
 j - 3 potions of might {unknown}
 k - 3 potions of mutation
 t - 2 potions of berserk rage {unknown}
 v - 2 potions of magic {unknown}
 z - 2 potions of attraction {unknown}
 C - a potion of lignification {unknown}
 M - a potion of brilliance {unknown}
Miscellaneous
 I - a lightning rod (4/4)


   Skills:
 + Level 9.2 Fighting
 - Level 16.0 Ranged Weapons
 + Level 13.8 Dodging
 - Level 4.0 Stealth
 - Level 2.0 Spellcasting
 + Level 7.5 Translocations


You had 11 spell levels left.
You knew the following spells:

 Your Spells              Type           Power      Damage    Failure   Level
a - Blink                 Tloc           34%        N/A       1%          2
b - Teleport Other        Tloc           17%        N/A       4%          3

Your spell library contained the following spells:

 Spells                   Type           Power      Damage    Failure   Level
 Lesser Beckoning         Tloc           34%        N/A       1%          2
 Gell's Gravitas          Tloc           17%        N/A       4%          3
 Manifold Assault         Tloc           17%        N/A       13%         4
 Portal Projectile        Hex/Tloc       18%        N/A       19%         3
 Vhi's Electric Charge    Tloc/Air       18%        N/A       19%         3
 Leda's Liquefaction      Hex/Erth       0%         N/A       96%         4
 Arcjolt                  Conj/Air       0%         1d10      100%        5
 Plasma Beam              Fire/Air       0%         2x1d11    100%        6
 Storm Form               Tmut/Air       0%         N/A       100%        7
 Call Canine Familiar     Summ           Unusable   N/A       N/A         3

Dungeon Overview and Level Annotations

Branches:
Dungeon (11/15)            Temple (1/1) D:5            Lair (4/5) D:10
 Shoals (0/4) Lair:3        Snake (0/4) Lair:2       Bailey (visited)
  Slime: Lair:4-5       Orc: D:9-12

Altars:
Ashenzari
Cheibriados
Dithmenos
Elyvilon
Fedhas
Gozag
Hepliaklqana
Kikubaaqudgha
Makhleb
Nemelex Xobeh
Okawaru
Qazlal
Ru
Sif Muna
Uskayaw
Vehumet
Wu Jian
Zin
The Shining One

Shops:
D:4 ?

Annotations:
D:11 3 runed translucent doors, blade888's ghost, journeyman MiFi


Innate Abilities, Weirdness & Mutations

You are very small and have problems with some larger weapons.
You are too small for most types of armour.
You have supernaturally acute eyesight. (SInv)
You cover ground extremely quickly. (Speed+++)


Message History

The death yak bellows!
The wyvern hisses angrily.
The water moccasin hisses angrily.
The death yak bellows! x2
There is a stone staircase leading up here.
The water moccasin misses you.
You climb upwards.
There is a stone staircase leading down here.
You shoot a sling bullet.
The sling bullet hits the water moccasin!
The sling bullet burns the water moccasin.
The water moccasin is moderately wounded.
The water moccasin completely misses you.
You shoot a sling bullet.
The sling bullet barely misses the water moccasin.
You block the water moccasin's attack.
You shoot a sling bullet.
The sling bullet hits the water moccasin!
The sling bullet burns the water moccasin.
The water moccasin is almost dead.
The water moccasin barely misses you.
You shoot a sling bullet.
The sling bullet hits the water moccasin!
The sling bullet burns the water moccasin.
You kill the water moccasin!
Okawaru accepts your kill.
No target in view!
No target in view!
You start waiting.
Done waiting.
You climb downwards.
The death yak misses you. The death yak gores you! The death yak gores you!!
The wyvern closely misses you. The wyvern completely misses you.
The death yak misses you. The death yak gores you!
You block the death yak's attack.
There is a stone staircase leading up, spattered with blood here.
The wyvern completely misses you. The death yak gores you!!
* * * LOW HITPOINT WARNING * * *
You block the death yak's attack. The death yak closely misses you.
You climb upwards.
There is a stone staircase leading down here.
The wyvern completely misses you. The death yak gores you!!
You die...

.##.......#.#................P##
##P............................##
##.................#.............
............#.###########.#......
..........####.####### ##...#...
..........## ##.#....### #..###..
#..........###.........###.## #.#
#...#....####.Yl.......##..# ###
##...#..## ##^.>@.......#..##
#..##### #..YY†......##...#
##..P# ###...............### ##
#..## #..............#....###.
##.## ##..........#..##...#...
#..# #.......#.######....... #..#
##.##..#### ##...#.# #.## ####P##
####### #.# ###


You could see 3 death yaks and a wyvern.

Vanquished Creatures
  Snorg (D:10)
  Josephine (D:10)
  2 hydras
  A boulder beetle (Lair:2)
  3 two-headed ogres
  5 death yaks
  An ugly thing (D:10)
  A salamander (Lair:2)
  Joseph (D:8)
  4 black mambas
  A gargoyle (D:11)
  4 cane toads
  3 komodo dragons
  A kobold demonologist (D:11)
  3 trolls
  A polar bear (Lair:1)
  A blink frog (Lair:4)
  Grinder (D:6)
  Prince Ribbit (D:5)
  6 dream sheep (Lair:4)
  7 spriggans
  5 wraiths (D:10)
  23 yaks
  4 wyverns
  Eustachio (D:6)
  A basilisk (Lair:3)
  An acid dragon (Bailey)
  10 water moccasins
  2 orc warriors
  2 ice beasts
  3 sky beasts
  A black bear (D:5)
  4 wolves
  9 ogres (Bailey)
  10 centaurs
  2 phantoms (D:5)
  A kobold brigand (D:9)
  10 bullfrogs
  6 scorpions
  19 wights
  9 killer bees
  3 lava snakes (Lair:2)
  4 jellies
  3 orc priests
  2 gnoll boudas (D:8)
  A hound (D:3)
  Terence (D:3)
  5 orc wizards
  4 sleepcaps
  Natasha (thrice) (D:2)
  3 iguanas
  13 gnolls
  9 adders
  2 white imps
  3 worms
  7 dart slugs
  31 orcs
  9 endoplasms
  4 giant cockroaches
  10 goblins
  6 hobgoblins
  8 jackals
  A quokka (D:1)
  5 ball pythons
  8 bats
  2 frilled lizards
  13 kobolds
  5 rats
337 creatures vanquished.

Notes
Turn   | Place    | Note
-------+----------+-------------------------------------------
     0 | D:1      | MacCMillion the Spriggan Hunter began the quest for the
                  | Orb.
     0 | D:1      | Reached XP level 1. HP: 10/10 MP: 2/2
   193 | D:1      | Reached XP level 2. HP: 14/14 MP: 3/3
   642 | D:2      | Identified the +4 dagger "Meal" {venom, rPois}
   813 | D:2      | Reached XP level 3. HP: 18/18 MP: 4/4
   949 | D:2      | Found a faded altar of an unknown god.
   967 | D:2      | Noticed Natasha
   972 | D:2      | Killed Natasha
   973 | D:2      | Reached skill level 5 in Ranged Weapons
   975 | D:2      | Reached XP level 4. HP: 15/22 MP: 5/5
  1367 | D:2      | Noticed Natasha
  1398 | D:2      | Killed Natasha
  1477 | D:2      | Noticed Natasha
  1485 | D:2      | Killed Natasha
  1486 | D:2      | Reached XP level 5. HP: 9/25 MP: 6/6
  1927 | D:3      | Reached skill level 6 in Ranged Weapons
  2087 | D:3      | Found a hazy altar of Hepliaklqana.
  2173 | D:3      | Found an ornate altar of the Wu Jian Council.
  2255 | D:3      | Noticed Terence
  2329 | D:3      | Killed Terence
  2365 | D:3      | Found a sparkling altar of Nemelex Xobeh.
  2835 | D:3      | Reached XP level 6. HP: 15/30 MP: 7/7
  3081 | D:4      | Reached skill level 7 in Ranged Weapons
  3081 | D:4      | Found The Oracle's Delphic Readings.
  3090 | D:4      | Bought a scroll of identify for 20 gold pieces
  3093 | D:4      | Bought a scroll of identify for 20 gold pieces
  3463 | D:4      | Reached skill level 8 in Ranged Weapons
  3497 | D:4      | Reached XP level 7. HP: 33/33 MP: 8/8
  3717 | D:5      | Entered Level 5 of the Dungeon
  4426 | D:5      | Found a snail-covered altar of Cheibriados.
  4532 | D:5      | Reached skill level 9 in Ranged Weapons
  4587 | D:5      | Noticed Prince Ribbit
  5088 | D:5      | Killed Prince Ribbit
  5221 | D:5      | Reached XP level 8. HP: 37/37 MP: 9/9
  5236 | D:5      | Found a staircase to the Ecumenical Temple.
  5244 | D:5      | Reached skill level 10 in Ranged Weapons
  5252 | Temple   | Entered the Ecumenical Temple
  5364 | Temple   | Became a worshipper of Warmaster Okawaru
  6261 | D:6      | Noticed Grinder
  6270 | D:6      | Paralysed by Grinder for 5 turns
  6289 | D:6      | Killed Grinder
  6289 | D:6      | Reached * piety under Okawaru
  6460 | D:6      | Reached skill level 11 in Ranged Weapons
  6460 | D:6      | Reached skill level 5 in Dodging
  6757 | D:6      | Reached ** piety under Okawaru
  6758 | D:6      | Reached XP level 9. HP: 36/44 MP: 10/10
  7170 | D:6      | Noticed Eustachio
  7428 | D:6      | Killed Eustachio
  9220 | D:8      | Reached skill level 12 in Ranged Weapons
  9329 | D:8      | Noticed a +0 dagger
  9330 | D:8      | Noticed a +0 hand axe
  9337 | D:8      | Found a hide-covered altar of Uskayaw.
  9337 | D:8      | Noticed Joseph
  9911 | D:8      | Learned a level 2 spell: Blink
  9966 | D:8      | Found a sacrificial altar of Ru.
 10184 | D:9      | Reached skill level 1 in Translocations
 10560 | D:9      | Noticed a two-headed ogre
 10601 | D:9      | Killed a two-headed ogre
 10601 | D:9      | Reached *** piety under Okawaru
 10602 | D:9      | Reached XP level 10. HP: 51/51 MP: 11/11
 11028 | D:10     | Entered Level 10 of the Dungeon
 11035 | D:10     | Found a staircase to the Lair.
 11122 | D:10     | Noticed Josephine
 11185 | D:10     | Reached skill level 1 in Spellcasting
 11205 | D:10     | Reached skill level 5 in Fighting
 11231 | D:10     | Found a flagged portal.
 11231 | D:10     | Noticed Snorg
 11368 | Bailey   | Entered a bailey
 11645 | Bailey   | Reached **** piety under Okawaru
 11652 | Bailey   | Reached skill level 13 in Ranged Weapons
 11674 | Bailey   | Identified the +8 sling of the Wolf {flame, Stlth+}
 11793 | Bailey   | Noticed a two-headed ogre
 11826 | Bailey   | Killed a two-headed ogre
 12458 | D:10     | Killed Josephine
 12458 | D:10     | Reached ***** piety under Okawaru
 12459 | D:10     | Reached XP level 11. HP: 31/56 MP: 15/15
 12515 | D:10     | Killed Snorg
 12516 | D:10     | Reached skill level 14 in Ranged Weapons
 12656 | D:10     | Reached skill level 10 in Dodging
 12786 | D:10     | Found a shimmering blue altar of Sif Muna.
 12815 | D:10     | Noticed a white ugly thing
 12877 | D:10     | Killed a white ugly thing
 13321 | D:11     | Received a gift from Okawaru
 13615 | D:11     | Found a runed translucent gate.
 13615 | D:11     | Found a runed translucent gate.
 13615 | D:11     | Found a runed translucent gate.
 13620 | D:11     | Noticed a minotaur
 14363 | D:8      | Killed Joseph
 14603 | D:8      | Found a sacrificial altar of Ru.
 15045 | D:11     | Reached ****** piety under Okawaru
 15221 | D:11     | Reached skill level 15 in Ranged Weapons
 15225 | D:11     | Noticed a boulder beetle
 15529 | D:11     | Identified the scarf "Viud" {harm, -Tele rCorr Int+2 Dex+2}
                  | (Okawaru gifted it to you on level 11 of the Dungeon)
 15529 | D:11     | Received a gift from Okawaru
 15606 | D:11     | Noticed a two-headed ogre
 15613 | D:11     | Killed a two-headed ogre
 15877 | D:11     | Noticed blade888's ghost (journeyman MiFi)
 16057 | Lair:1   | Entered Level 1 of the Lair of Beasts
 16163 | Lair:1   | Reached XP level 12. HP: 63/63 MP: 16/16
 17079 | Lair:2   | Noticed a boulder beetle
 17118 | Lair:2   | Killed a boulder beetle
 17818 | Lair:2   | Noticed a death yak
 17822 | Lair:2   | Noticed a death yak
 17825 | Lair:2   | Noticed a death yak
 18023 | Lair:2   | Killed a death yak
 18312 | Lair:2   | Found a staircase to the Snake Pit.
 18934 | Lair:2   | Reached skill level 16 in Ranged Weapons
 19082 | Lair:2   | Killed a death yak
 19110 | Lair:2   | Killed a death yak
 19483 | Lair:3   | Learned a level 3 spell: Teleport Other
 19879 | Lair:3   | Identified the scarf "Docreug" {repulsion, Str+7 Dex-2
                  | Slay+2 SInv} (Okawaru gifted it to you on level 3 of the
                  | Lair of Beasts)
 19879 | Lair:3   | Received a gift from Okawaru
 19880 | Lair:3   | Reached skill level 5 in Translocations
 20148 | Lair:3   | Found a staircase to the Shoals.
 20201 | Lair:3   | Noticed a six-headed hydra
 20206 | Lair:3   | Killed a six-headed hydra
 20899 | Lair:4   | Noticed a death yak
 20899 | Lair:4   | Noticed a death yak
 20902 | Lair:4   | Noticed a death yak
 20932 | Lair:4   | Noticed a death yak
 20937 | Lair:4   | Killed a death yak
 20947 | Lair:4   | Noticed a death yak
 21014 | Lair:3   | Killed a death yak
 21108 | Lair:4   | Noticed a seven-headed hydra
 21117 | Lair:4   | Killed a seven-headed hydra
 21118 | Lair:4   | Reached XP level 13. HP: 63/70 MP: 17/17
 21521 | Lair:3   | Demolished by a death yak

Illustrated notes

Levels and vault maps discovered:
D:1:      scummos_arrival_gate, layout_basic, nicolae_eternal_life, st_stairs_9,
          hangedman_abyss_or_decor_lesser_grid
D:2:      layout_basic, hellmonk_ecumenical_altar_blasted,
          hangedman_decor_slide_cut, minmay_misc_feat_square, uniq_natasha
D:3:      layout_loops_ring, nemelex_dance_club_becter,
          nicolae_hepliaklqana_hazy_memory, pdpol_wu_jian_five_deadly_venoms,
          uniq_terence
D:4:      layout_gridville, nicolae_nh_oracle_at_delphi
D:5:      layout_gridville, mainiacjoe_overflow_cross_hatched,
          minmay_temple_entry_junction_2, nrook_mini_vaults, st_stairs_8,
          guppyfry_early_orc_mine, uniq_prince_ribbit1
D:6:      layout_loops_ring, dreamdust_princess_bridge, uniq_eustachio,
          uniq_grinder
D:7:      layout_gridville
D:8:      layout_rooms, dancing_weapons_uskayaw,
          nicolae_ru_the_path_less_chosen, uniq_joseph
D:9:      layout_basic
D:10:     layout_rooms, general_overflow_altar, lair_entry_dummy,
          enter_bailey_5, uniq_josephine, uniq_snorg
D:11:     layout_stronghold, maelrawn_ghost_gauntlet_escape,
          hangedman_decor_push, minmay_misc_feat_hallway
Temple:   bh_familiar_temple
Lair:1:   layout_regular_city, infiniplex_staircase_pool
Lair:2:   layout_hall_layers, nicolae_snake_entry_warm_welcome, wad_woods_03,
          lemuel_fruit_fields
Lair:3:   layout_cave_pods, elwin_shoals_entry_rocks, lemuel_fruit_fields
Lair:4:   layout_cave_pods, dpeg_slime_entry_enclosed

Skill      XL: |  1  2  3  4  5  6  7  8  9 10 11 12 |
---------------+-------------------------------------+-----
Stealth        | 2 3 4 |  4.0
Ranged Weapons | 5 6 8 9 11 12 13 15 16 | 16.0
Dodging        | 5 7 9 11 13 | 13.8
Fighting       | 3 4 6 7 9 |  9.2
Translocations | 3 4 7 |  7.5
Spellcasting   | 2 |  2.0

Action                     |  1- 3 |  4- 6 |  7- 9 | 10-12 | 13-15 || total
---------------------------+-------+-------+-------+-------+-------++-------
   Fire: Shortbow          |    85 |   196 |   501 |       |       ||   782
         Orcbow            |       |       |   106 |   299 |       ||   405
         Sling             |       |       |       |   643 |    27 ||   670
   Cast: Blink             |       |       |       |     1 |       ||     1
 Invoke: Heroism           |       |       |       |     1 |       ||     1
    Use: Scroll            |       |     4 |     4 |     6 |       ||    14
 Armour: Robe              |     1 |     5 |     5 |     4 |       ||    15
  Dodge: Dodged            |    14 |    43 |    77 |   197 |    17 ||   348
  Block: Other             |       |       |       |    11 |     3 ||    14

Table legend: (Time is in decaauts)
 A = Elapsed time spent in this place.
 B = Non-inter-level travel time spent in this place.
 C = Inter-level travel time spent in this place.
 D = Time resting spent in this place.
 E = Time spent auto-exploring this place.
 F = Levels seen in this place.
 G = Mean time per level.
                   A        B        C        D        E       F      G
               +--------+--------+--------+--------+--------+-----+--------+
         Total |  16388 |  15901 |    487 |   6742 |   5575 |  17 |  964.0 |
       Dungeon |  11229 |  10870 |    359 |   4199 |   4067 |  11 | 1020.8 |
        Temple |     88 |     66 |     22 |      0 |     60 |   1 |   88.0 |
          Lair |   4163 |   4058 |    105 |   1897 |   1397 |   4 | 1040.8 |
        Bailey |    907 |    907 |      0 |    645 |     49 |   1 |  907.0 |
               +--------+--------+--------+--------+--------+-----+--------+

Top non-repeatable levels by time:
  Lair:2: 2021 daAuts
     D:5: 1770 daAuts
  Lair:3: 1222 daAuts
     D:7: 1112 daAuts
     D:6: 1090 daAuts
    D:11: 1082 daAuts
    D:10: 1075 daAuts
     D:8: 1032 daAuts
     D:9: 967 daAuts
     D:4: 915 daAuts
  Bailey: 907 daAuts
     D:3: 896 daAuts
     D:2: 869 daAuts
  Lair:1: 724 daAuts
     D:1: 416 daAuts
